 Dungeon Crawl Stone Soup version 0.30-a0-371-gad7725a93e (webtiles) character file.

Game seed: 2729019264255365259

27 ders the Trooper (level 2, -5/27 HPs)
             Began as a Minotaur Fighter on Nov 22, 2022.
             Slain by Crazy Yiuf
             ... wielding a +2 quarterstaff of chaos
              (14 damage)
             ... on level 2 of the Dungeon.
             The game lasted 00:02:25 (800 turns).

ders the Trooper (Minotaur Fighter)                  Turns: 800, Time: 00:02:25

Health: -5/27      AC:  7    Str: 20    XL:     2   Next: 93%
Magic:  1/1        EV:  9    Int:  5    God:
Gold:   64         SH:  4    Dex:  9    Spells: 1/1 levels left

rFire   . . .      SeeInvis .    a - +0 war axe
rCold   . . .      Faith    .    c - +0 buckler
rNeg    . . .      Spirit   .    b - +0 scale mail
rPois   .          Reflect  .    (helmet restricted)
rElec   .          Harm     .    (no cloak)
rCorr   .          Rampage  .    (no gloves)
Will    .....                    (no boots)
Stlth   ..........               (no amulet)
HPRegen 0.24/turn                (no ring)
MPRegen 0.07/turn                (no ring)

@: no status effects
A: horns 2, retaliatory headbutt
a: no special abilities


You were on level 2 of the Dungeon.
You visited 1 branch of the dungeon, and saw 2 of its levels.

You collected 64 gold pieces.

Inventory:

Hand Weapons
 a - a +0 war axe (weapon)
Armour
 b - a +0 scale mail (worn)
 c - a +0 buckler (worn)
Scrolls
 e - 3 scrolls of identify {unknown}
 g - a scroll of acquirement {unknown}
 h - a scroll of teleportation {unknown}
Potions
 d - a potion of might
 f - a potion of lignification {unknown}
 i - a potion of resistance {unknown}


   Skills:
 * Level 4.1 Fighting
 * Level 3.1 Axes
 + Level 3.9 Armour
 + Level 3.9 Shields


You had one spell level left.
You didn't know any spells.
Your spell library was empty.

Dungeon Overview and Level Annotations

Branches:
Dungeon (2/15)

Altars:

Annotations:
D:2 Crazy Yiuf


Innate Abilities, Weirdness & Mutations

You have a pair of horns on your head.
You reflexively headbutt those who attack you in melee.


Message History

A frilled lizard is nearby!
You closely miss the frilled lizard. You headbutt the frilled lizard.
You kill the frilled lizard!
No target in view!
No target in view!
No target in view!
No target in view!
No target in view!
No target in view!
No target in view!
No target in view!
A bat comes into view.
Found a sapphire potion.
A bat is nearby!
The bat closely misses you.
You closely miss the bat. The bat barely misses you. The bat hits you.
You completely miss the bat. Your headbutt misses the bat.
The bat closely misses you. The bat hits you but does no damage.
You barely miss the bat. You block the bat's attack. x2
You closely miss the bat. Your headbutt misses the bat.
The bat hits you but does no damage. The bat closely misses you.
You slash the bat!
You kill the bat!
No target in view!
No target in view!
No target in view!
No target in view!
i - a sapphire potion
Found a hammer.
Found a runed translucent door.
Crazy Yiuf shouts!
As you open the door, it creaks loudly!
You hit Crazy Yiuf but do no damage.
Crazy Yiuf cries, "You leg down broken song, no?"
You block Crazy Yiuf's attack.
You barely miss Crazy Yiuf.
Crazy Yiuf hits you with a +2 quarterstaff of chaos!
Crazy Yiuf burns you.
Crazy Yiuf hits you with a +2 quarterstaff of chaos!
Ouch! That really hurt!
You die...

###### ###
#######.#..## ###..)#
............####@g...#
#####........#..##...#
#.###...#.### ### ##
#.# ####### .####.#
....#.# .##.#.#
###...# ###.#


You could see Crazy Yiuf.

Vanquished Creatures
  2 bats
  6 endoplasms (D:1)
  A giant cockroach (D:1)
  3 goblins (D:1)
  5 hobgoblins (D:1)
  A ball python (D:1)
  3 frilled lizards
  A kobold (D:1)
  A rat (D:1)
23 creatures vanquished.

Notes
Turn   | Place    | Note
-------+----------+-------------------------------------------
     0 | D:1      | ders the Minotaur Fighter began the quest for the Orb.
     0 | D:1      | Reached XP level 1. HP: 19/19 MP: 0/0
   106 | D:1      | Reached XP level 2. HP: 12/27 MP: 1/1
   324 | D:1      | Reached skill level 4 in Fighting
   625 | D:1      | Found a faded altar of an unknown god.
   794 | D:2      | Found a runed translucent door.
   795 | D:2      | Noticed Crazy Yiuf
   800 | D:2      | Slain by Crazy Yiuf

Illustrated notes

Levels and vault maps discovered:
D:1:      nicolae_arrival_washed_ashore, layout_loops_ring,
          shapermc_ecumenical_altar_pompeii
D:2:      minmay_evil_eye, layout_basic, supply_closet_lemuel, uniq_robin,
          uniq_crazy_yiuf_cottage, uniq_jessica

Skill      XL: |  1  2 |
---------------+-------+-----
Fighting       | 4 |  4.1
Axes           | 3 |  3.1
Armour         | |  3.9
Shields        | |  3.9

Action                   || total
-------------------------++-------
Melee: War axe           ||    40
       Headbutt          ||     3
Armor: Scale mail        ||    18
Dodge: Dodged            ||    21
Block: Buckler           ||     6

Table legend: (Time is in decaauts)
 A = Elapsed time spent in this place.
 B = Non-inter-level travel time spent in this place.
 C = Inter-level travel time spent in this place.
 D = Time resting spent in this place.
 E = Time spent auto-exploring this place.
 F = Levels seen in this place.
 G = Mean time per level.
                   A        B        C        D        E       F      G
               +--------+--------+--------+--------+--------+-----+--------+
         Total |    814 |    778 |     36 |     74 |    589 |   2 |  407.0 |
       Dungeon |    814 |    778 |     36 |     74 |    589 |   2 |  407.0 |
               +--------+--------+--------+--------+--------+-----+--------+

Top non-repeatable levels by time:
     D:1: 738 daAuts
     D:2: 76 daAuts
